 Dungeon Crawl Stone Soup version 0.30-a0-622-gddc90eaa04 (webtiles) character file.

Game seed: 11753954693602134536

364887 Pooter the Impregnable (level 21, 0/201 HPs)
             Began as a Minotaur Berserker on Jan 8, 2023.
             Was an Elder of Trog.
             Slain by an eldritch tentacle (30 damage)
             ... called by Duyfal's ghost
             ... on level 2 of the Vaults on Jan 11, 2023.
             The game lasted 06:00:33 (64747 turns).

Pooter the Impregnable (Minotaur Berserker)        Turns: 64747, Time: 06:00:34

Health: 0/201      AC: 37    Str: 30    XL:     21   Next: 22%
Magic:  11/20      EV: 17    Int:  5    God:    Trog [****..]
Gold:   1478       SH:  0    Dex: 16    Spells: 20/20 levels left

rFire   + + +      SeeInvis .    a - +6 war axe (heavy)
rCold   + + +      Faith    .    (no shield)
rNeg    + + +      Spirit   .    V - +8 crystal plate armour of the Orb {rElec rF+ Str+3 Int+3}
rPois   +          Reflect  .    l - -2 hat of the Alchemist {rElec rPois rF+ rC+ rN+ Will+ rMut rCorr}
rElec   +          Harm     +    R - scarf {harm}
rCorr   +          Rampage  .    g - +2 pair of gloves {Stlth+}
rMut    +          Clarity  +    (no boots)
Will    +++++                    M - amulet of the Four Winds {rN+ Will+++ Clar} Stlth
                                 n - +5 ring of evasion
HPRegen 1.53/turn                N - ring of positive energy
MPRegen 0.17/turn

@: resistant, strong-willed (expiring), on berserk cooldown, regenerating
(expiring), slowed, very slow
A: horns 2, retaliatory headbutt, cold resistance 1, dopey 1, poison resistance
}: 3/15 runes: barnacled, abyssal, gossamer
a: Renounce Religion, Berserk, Trog's Hand, Brothers in Arms


You were on level 2 of the Vaults.
You worshipped Trog.
Trog was greatly pleased with you.
You visited 7 branches of the dungeon, and saw 35 of its levels.
You visited the Abyss 2 times.
You also visited: Bailey, Ice Cave and Volcano.

You collected 4219 gold pieces.
You spent 2741 gold pieces at shops.

Inventory:

Hand Weapons
 a - a +6 heavy war axe (weapon)
   (Trog gifted it to you on level 3 of the Spider Nest)
 b - a +4 arbalest of draining
   (You took it off an orc warrior on level 9 of the Dungeon)
 y - a +4 antimagic executioner's axe
   (Trog gifted it to you in a volcano)
 J - the +7 broad axe "Delocurgh" {speed, rF+ rC+ Int+2 Dex+4}
   (You acquired it in a bailey)

   Int:       It affects your intelligence (+2).
   Dex:       It affects your dexterity (+4).
   rF:        It protects you from fire.
   rC:        It protects you from cold.
Missiles
 p - 53 boomerangs
 v - 9 curare-tipped darts
 K - 8 silver boomerangs
 U - 13 javelins
 X - 20 silver javelins (quivered)
Armour
 g - a +2 pair of gloves of stealth (worn)
   (You found it on level 4 of the Shoals)
 l - the -2 hat of the Alchemist (worn) {rElec rPois rF+ rC+ rN+ Will+ rMut rCorr}
   (You found it on level 3 of the Elven Halls)

   rF:        It protects you from fire.
   rC:        It protects you from cold.
   rElec:     It insulates you from electricity.
   rPois:     It protects you from poison.
   rN:        It protects you from negative energy.
   rCorr:     It protects you from acid and corrosion.
   rMut:      It protects you from mutation.
   Will:      It increases your willpower.
 R - a scarf of harm (worn)
   (You found it on level 4 of the Spider Nest)
 V - the +8 crystal plate armour of the Orb (worn) {rElec rF+ Str+3 Int+3}
   (You acquired it on level 1 of the Lair of Beasts)

   Str:       It affects your strength (+3).
   Int:       It affects your intelligence (+3).
   rF:        It protects you from fire.
   rElec:     It insulates you from electricity.
Jewellery
 e - a +4 ring of protection
   (You found it on level 1 of the Dungeon)
 n - a +5 ring of evasion (left hand)
   (You found it on level 6 of the Dungeon)
 o - a ring of willpower
   (You found it on level 2 of the Spider Nest)
 s - a ring of flight
   (You found it on level 11 of the Dungeon)
 A - an amulet of reflection
   (You found it on level 14 of the Dungeon)
 C - a ring of resist corrosion
   (You found it on level 11 of the Dungeon)
 F - a ring of protection from fire
   (You took it off a centaur on level 10 of the Dungeon)
 I - a ring of protection from cold
   (You found it on level 2 of the Spider Nest)
 M - the amulet of the Four Winds (around neck) {rN+ Will+++ Clar}
   (You bought it in a shop on level 2 of the Orcish Mines)

   [amulet of nothing]

   rN:        It protects you from negative energy.
   Clar:      It protects you against confusion.
   Will:      It greatly increases your willpower.
 N - a ring of positive energy (right hand)
   (You bought it in a shop on level 2 of the Orcish Mines)
Wands
 d - a wand of iceblast (23)
   (You found it on level 7 of the Dungeon)
 f - a wand of flame (54)
   (You found it on level 11 of the Dungeon)
 u - a wand of paralysis (29)
   (You found it on level 2 of the Lair of Beasts)
 D - a wand of digging (7)
   (You found it on level 4 of the Shoals)
 H - a wand of polymorph (12)
   (You found it on level 11 of the Dungeon)
 W - a wand of mindburst (12)
   (You found it on level 1 of the Lair of Beasts)
Scrolls
 h - 3 scrolls of fog
 k - 4 scrolls of poison {!r}
 q - 7 scrolls of fear
 t - 9 scrolls of teleportation {@r4}
 w - 2 scrolls of noise {!r}
 B - 2 scrolls of blinking
 G - 4 scrolls of magic mapping
 O - 2 scrolls of butterflies
 Y - 5 scrolls of immolation {!r}
Potions
 c - 8 potions of haste {@q3}
 j - 3 potions of flight
 m - 5 potions of heal wounds {@q2}
 r - 2 potions of cancellation
 x - 2 potions of resistance
 z - 5 potions of might
 E - 2 potions of invisibility
 L - 7 potions of attraction {!q}
 Z - 8 potions of curing {@q1}
Miscellaneous
 P - a condenser vane
   (You found it on level 3 of the Elven Halls)
 Q - a tin of tremorstones (2/2)
   (You found it on level 3 of the Shoals)
 S - a box of beasts
   (You found it on level 3 of the Elven Halls)
 T - a phial of floods
   (You found it on level 1 of the Lair of Beasts)


   Skills:
 + Level 20.1 Fighting
 - Level 20.1 Axes
 - Level 17.3 Ranged Weapons
 * Level 10.1 Throwing
 + Level 21.2 Armour
 - Level 10.4 Dodging
 + Level 9.7 Stealth
 - Level 10.0 Shields
 - Level 10.4 Evocations


You had 20 spell levels left.
You didn't know any spells.
Your spell library was empty.

Dungeon Overview and Level Annotations

Branches:
Dungeon (15/15)            Temple (0/1) D:7            Lair (5/5) D:9
 Shoals (4/4) Lair:3       Spider (4/4) Lair:2        Slime (0/5) Lair:4
    Orc (2/2) D:11            Elf (3/3) Orc:2        Vaults (2/5) D:13
 Depths (0/4) D:15         Bailey (visited)           IceCv (visited)
Volcano (visited)
  Crypt: Vaults:2-3

Altars:
Ashenzari
Dithmenos
Fedhas
Gozag
Makhleb
Nemelex Xobeh
Okawaru
Qazlal
Ru
Trog
Uskayaw
Vehumet
Yredelemnul
The Shining One
Jiyva

Shops:
D:13 *   Orc:1 :   Orc:2 =[?*   Elf:1 *   Shoals:2 (   Vaults:1 !

Annotations:
D:13 2 transporters, exclusion: obsidian statue, wormed's ghost, journeyman FeSu
Elf:2 5 runed translucent doors


Innate Abilities, Weirdness & Mutations

You have a pair of horns on your head.
You reflexively headbutt those who attack you in melee.
Your flesh is cold resistant. (rC+)
You are dopey. (Int -2)
Your system is resistant to poisons. (rPois)


Message History

Trog appreciates your killing of a magic user.
There is an open door here.
You feel a strong urge to attack something.
You are no longer berserk.
You are exhausted.
You feel yourself slow down.
The eldritch tentacle slaps you but does no damage.
The eldritch tentacle barely misses you.
The eldritch tentacle misses you.
The eldritch tentacle claws you but does no damage.
The eldritch tentacle barely misses you.
You furiously retaliate!
You headbutt the eldritch tentacle.
The eldritch tentacle completely misses you.
You hit the eldritch tentacle.
You headbutt the eldritch tentacle, but do no damage.
The eldritch tentacle completely misses you.
You furiously retaliate!
You headbutt the eldritch tentacle, but do no damage.
The eldritch tentacle completely misses you.
You slice the eldritch tentacle!!
You headbutt the eldritch tentacle, but do no damage.
The eldritch tentacle slaps you!!
* * * LOW HITPOINT WARNING * * *
You feel your power leaking away. The eldritch tentacle claws you!
* * * LOW HITPOINT WARNING * * *
The eldritch tentacle shocks you! You resist.
* * * LOW HITPOINT WARNING * * *
The eldritch tentacle slaps you but does no damage.
The eldritch tentacle claws you but does no damage.
Unknown command.
You slash the eldritch tentacle!
You headbutt the eldritch tentacle, but do no damage.
The eldritch tentacle barely misses you.
The eldritch tentacle claws you!
* * * LOW HITPOINT WARNING * * *
The eldritch tentacle shocks you. You resist.
* * * LOW HITPOINT WARNING * * *
The eldritch tentacle slaps you!
* * * LOW HITPOINT WARNING * * *
The eldritch tentacle shocks you! You resist.
* * * LOW HITPOINT WARNING * * *
The eldritch tentacle misses you.
Okay, then.
You feel protected.
You feel the effects of Trog's Hand fading.
The eldritch tentacle slaps you!
* * * LOW HITPOINT WARNING * * *
The eldritch tentacle claws you!!
You die...

#########.# #.......# #.#.#)#...#
#..>....# #.#.#.###.# #.......#
..........# #.......#
#######################'#########
..............Λ..................
.............*.\.................
................w................
................@................
################'#'##############
#.....# ## #.....# .# ###'''###
.# #.......# .# ##.....## .#
#....... .# ##.[?!.##


You could see an eldritch tentacle.

Vanquished Creatures
  Bai Suzhen (Shoals:3)
  Nikola (Shoals:3)
  Zenata (Elf:3)
  Jorgrun (Shoals:1)
  Rupert (Lair:3)
  A lich (Abyss:2)
  5 deep elf master archers (Elf:3)
  4 deep elf blademasters (Elf:3)
  Mlioglotl (Spider:1)
  A titan (Shoals:3)
  Polyphemus (Shoals:3)
  Gastronok (D:10)
  4 sphinxes
  An Executioner (Abyss:2)
  Kirke (Shoals:1)
  An eldritch tentacle (Vaults:2)
  Frances (Shoals:1)
  The ghost of Duyfal the Bewitcher, an adept SpCj of Hepliaklqana (Vaults:2)
  A revenant (Vaults:2)
  A tentacled starspawn (Abyss:4)
  A tengu reaver (Vaults:2)
  Roxanne (D:15)
  Ilsuiw (Shoals:2)
  2 frost giants (IceCv)
  Louise (Shoals:1)
  2 emperor scorpions
  4 vault wardens
  4 deep elf sorcerers (Elf:3)
  Aizul (Shoals:2)
  2 deep elf elementalists (Elf:3)
  6 ghost moths
  2 orc warlords
  5 ironbound preservers
  A reaper (Lair:2)
  3 broodmothers
  2 very ugly things
  4 ironbound thunderhulks
  7 deep elf annihilators (Elf:3)
  2 deep elf demonologists (Elf:3)
  Azrael (Orc:1)
  A minotaur (Shoals:4)
  5 spark wasps
  13 dire elephants
  A white draconian (IceCv)
  4 eidola (Vaults:2)
  2 ettins
  3 merfolk javelineers
  A crystal guardian (Vaults:2)
  A blizzard demon (Abyss:4)
  4 deep elf death magi
  Josephine (D:10)
  10 merfolk impalers
  5 entropy weavers
  2 yaktaur captains
  A deep elf high priest (Elf:3)
  A great orb of eyes (Vaults:2)
  5 vault guards
  Fannar (D:11)
  7 ice dragons (IceCv)
  A radroach (Spider:4)
  Harold (D:11)
  A peacekeeper (Vaults:2)
  4 hydras
  5 catoblepae
  2 merfolk avatars
  3 ogre magi (Orc:2)
  A jorogumo (Spider:1)
  10 centaur warriors
  2 merfolk aquamancers (Shoals:4)
  A death knight (D:15)
  4 boulder beetles
  9 ironbound frosthearts
  A naga warrior (Abyss:4)
  2 alligator snapping turtles
  25 dancing weapons
  18 two-headed ogres
  7 satyrs (Shoals:4)
  5 tengu warriors
  11 death yaks
  A thrashing horror (Abyss:2)
  Urug (Lair:1)
  8 deep elf knights
  Sonja (Lair:1)
  Amaemon (Lair:3)
  A shadow wraith (Vaults:2)
  3 sun moths
  A spatial maelstrom (Abyss:3)
  7 pharaoh ants
  2 wretched stars (Abyss:2)
  A sixfirhy (Abyss:4)
  8 orb spiders
  9 sea snakes
  4 skeletal warriors (D:12)
  21 deep trolls
  An orange crystal statue (IceCv)
  2 glowing orange brains (Vaults:1)
  7 wizards
  30 harpies
  7 deep elf archers
  A phantasmal warrior (Vaults:2)
  4 ironbound convokers
  8 lindwurms
  9 steelbarb worms
  24 wolf spiders
  3 necromancers
  4 orc knights
  28 deep elf pyromancers
  12 deep elf zephyrmancers
  An orc sorcerer (Orc:2)
  13 cyclopes
  17 manticores
  24 ugly things
  13 elephants
  2 moths of wrath
  3 worldbinders
  5 fauns
  A moth of wrath (shapeshifter) (Elf:3)
  8 merfolk sirens
  A guardian serpent (Abyss:4)
  Maurice (Orc:2)
  A molten gargoyle (D:13)
  4 vault sentinels
  2 water nymphs
  5 gargoyles
  8 demonic crawlers
  A black mamba (Lair:2)
  Maggie (D:7)
  15 cane toads
  An apocalypse crab (Abyss:4)
  An orange demon (Lair:3)
  2 smoke demons (Abyss:2)
  10 rime drakes
  6 freezing wraiths
  10 yaktaurs
  An unseen horror (D:10)
  13 komodo dragons
  A tengu conjurer (D:14)
  An efreet (D:13)
  3 torpor snails
  2 kobold demonologists (D:11)
  2 trolls
  31 merfolk
  9 meliai
  11 wind drakes
  16 polar bears
  3 ancient zymes
  34 tarantellas
  6 hornets
  25 dream sheep
  13 snapping turtles
  32 blink frogs
  A harpy skeleton (Abyss:4)
  7 large abominations (Elf:1)
  25 jumping spiders
  13 slime creatures
  Sigmund (D:5)
  8 wraiths
  8 water elementals
  4 wyverns
  3 vampires
  27 culicivoras
  2 air elementals
  A shadow (D:9)
  3 ynoxinuls
  7 flying skulls
  6 spriggans (D:9)
  42 yaks
  9 fire elementals
  6 basilisks
  A human (Lair:2)
  2 steam dragons
  A hog (Shoals:1)
  66 redbacks
  4 spatial vortices (Abyss:3)
  6 vampire mosquitoes
  Grum (Lair:1)
  5 starcursed masses
  3 wargs
  3 acid dragons
  8 hell hounds
  12 water moccasins
  20 orc warriors
  3 ice beasts
  3 sky beasts
  A black bear (Lair:3)
  22 ogres
  22 wolves
  6 boggarts
  16 centaurs
  6 small abominations
  2 elf zombies (Elf:1)
  8 kobold brigands
  16 bullfrogs
  4 gnoll sergeants
  5 earth elementals (Elf:3)
  2 necrophages
  10 wights
  10 killer bees
  An electric eel (Elf:3)
  4 howler monkeys
  A crimson imp (Abyss:4)
  3 lava snakes (D:13)
  A quasit (Abyss:3)
  5 jellies
  5 hounds
  10 orc priests
  4 iguanas
  12 orc wizards
  4 hell rats (Lair:5)
  15 gnolls
  15 adders
  2 white imps
  2 ufetubi
  2 worms
  A dart slug (D:1)
  69 orcs
  11 endoplasms
  20 goblins
  11 hobgoblins
  2 jackals (D:2)
  45 kobolds
  A quokka (D:5)
  3 training dummies (Shoals:2)
  5 ball pythons
  9 bats
  10 frilled lizards
  4 rats
  A fire vortex (D:13)
  A lurking horror (Abyss:4)
1551 creatures vanquished.

Vanquished Creatures (collateral kills)
  An ogre mage (Orc:2)
  An orc priest (D:11)
  An orc (D:11)
3 creatures vanquished.

Vanquished Creatures (others)
  A blizzard demon (Abyss:2)
  A dream sheep (Lair:4)
  A jumping spider (shapeshifter) (Elf:1)
  2 humans (Shoals:1)
  A naga (Abyss:4)
  A boggart (D:15)
  3 bullfrogs (Lair:4)
  An iguana (D:7)
  An orc (D:15)
  A bush (Lair:5)
  40 fungi
  A lurking horror (Abyss:2)
  125 plants
  6 starspawn tentacles (Abyss:4)
185 creatures vanquished.

Grand Total: 1739 creatures vanquished

Notes
Turn   | Place    | Note
-------+----------+-------------------------------------------
     0 | D:1      | Pooter the Minotaur Berserker began the quest for the Orb.
     0 | D:1      | Reached XP level 1. HP: 19/19 MP: 0/0
   266 | D:1      | Reached XP level 2. HP: 15/27 MP: 1/1
   777 | D:1      | Reached skill level 1 in Stealth
  1079 | D:2      | Reached XP level 3. HP: 34/34 MP: 2/2
  1167 | D:2      | Reached ** piety under Trog
  1225 | D:2      | Reached XP level 4. HP: 41/41 MP: 3/3
  1245 | D:2      | Reached skill level 5 in Fighting
  1638 | D:2      | Found a faded altar of an unknown god.
  1682 | D:2      | Reached XP level 5. HP: 48/48 MP: 4/4
  1880 | D:3      | Found an opulent altar of Gozag.
  1992 | D:3      | Reached skill level 5 in Axes
  2106 | D:3      | Reached XP level 6. HP: 57/57 MP: 5/5
  2375 | D:4      | Reached skill level 1 in Ranged Weapons
  2459 | D:4      | Found a blossoming altar of Fedhas.
  2568 | D:4      | Found a hide-covered altar of Uskayaw.
  2839 | D:4      | Found a broken altar of Ashenzari.
  2906 | D:5      | Entered Level 5 of the Dungeon
  3396 | D:5      | Reached XP level 7. HP: 64/64 MP: 6/6
  3414 | D:5      | Found a glowing golden altar of the Shining One.
  3414 | D:5      | Found a radiant altar of Vehumet.
  3414 | D:5      | Noticed Sigmund
  3425 | D:5      | Killed Sigmund
  3976 | D:6      | Reached XP level 8. HP: 74/74 MP: 7/7
  4753 | D:7      | Noticed Maggie
  4778 | D:7      | Killed Maggie
  4779 | D:7      | Reached skill level 10 in Axes
  4897 | D:7      | Upgraded the game from 0.30-a0-605-gb2882149bf to
                  | 0.30-a0-613-gdd512c7efb
  4919 | D:7      | Reached XP level 9. HP: 83/83 MP: 8/8
  5007 | D:7      | Reached skill level 1 in Shields
  5136 | D:7      | Found a burning altar of Makhleb.
  5227 | D:7      | Found a stormy altar of Qazlal.
  5338 | D:7      | Found a staircase to the Ecumenical Temple.
  5605 | D:7      | Found a basalt altar of Yredelemnul.
  5609 | D:7      | Reached skill level 1 in Evocations
  6289 | D:8      | Identified the +0 ring mail "Wauth" {rCorr}
  6315 | D:8      | Reached skill level 10 in Fighting
  6419 | D:8      | Found a sparkling altar of Nemelex Xobeh.
  6437 | D:8      | Reached XP level 10. HP: 93/93 MP: 9/9
  6443 | D:8      | Identified the +6 sling of the Foot {antimagic, rC+}
  6945 | D:9      | Found a flagged portal.
  7133 | Bailey   | Entered a bailey
  7216 | Bailey   | Noticed an orc warlord
  7220 | Bailey   | Reached *** piety under Trog
  7911 | Bailey   | Found a runed translucent gate.
  7913 | Bailey   | Found a runed translucent gate.
  7915 | Bailey   | Found a runed translucent gate.
  8031 | Bailey   | Killed an orc warlord
  8032 | Bailey   | Reached skill level 5 in Shields
  8094 | Bailey   | Acquired the +7 broad axe "Delocurgh" {speed, rF+ rC+ Int+2
                  | Dex+4}
  8096 | Bailey   | Identified the +3 kite shield of Satisfaction {Slay+5}
  8257 | D:9      | Found a shadowy altar of Dithmenos.
  8311 | D:9      | Found a staircase to the Lair.
  8427 | D:9      | Identified the +1 scale mail "Toxtiram" {rPois Int+4 Slay-3
                  | Stlth+}
  8602 | D:9      | Reached skill level 3 in Armour
  8888 | D:9      | Noticed a two-headed ogre
  8899 | D:9      | Killed a two-headed ogre
  8900 | D:9      | Reached XP level 11. HP: 102/102 MP: 10/10
  9266 | D:10     | Entered Level 10 of the Dungeon
  9430 | D:10     | Reached skill level 4 in Armour
  9582 | D:10     | Noticed a green ugly thing
  9589 | D:10     | Killed a green ugly thing
  9632 | D:10     | Identified the +5 mace "Upoubuf" {vamp, rN+}
  9643 | D:10     | Found an iron altar of Okawaru.
  9643 | D:10     | Noticed Gastronok
  9660 | D:10     | Killed Gastronok
  9661 | D:10     | Reached skill level 5 in Ranged Weapons
  9891 | D:10     | Noticed a two-headed ogre
  9895 | D:10     | Killed a two-headed ogre
  9924 | D:10     | Found a sacrificial altar of Ru.
  9945 | D:10     | Noticed Josephine
  9949 | D:10     | Killed Josephine
  9950 | D:10     | Reached skill level 5 in Armour
 10166 | Lair:1   | Entered Level 1 of the Lair of Beasts
 10246 | Lair:1   | Noticed a death yak
 10246 | Lair:1   | Noticed a death yak
 10247 | Lair:1   | Noticed a death yak
 10272 | D:9      | Killed a death yak
 10273 | D:9      | Reached skill level 15 in Axes
 10276 | D:9      | Killed a death yak
 10286 | Lair:1   | Killed a death yak
 10373 | Lair:1   | Reached XP level 12. HP: 112/112 MP: 4/11
 10378 | Lair:1   | Reached skill level 6 in Armour
 10378 | Lair:1   | Noticed Urug
 10389 | Lair:1   | Killed Urug
 10458 | Lair:1   | Noticed a catoblepas
 10476 | Lair:1   | Killed a catoblepas
 10720 | Lair:1   | Noticed Sonja
 10736 | Lair:1   | Killed Sonja
 10970 | Lair:1   | Acquired the +8 crystal plate armour of the Orb {rElec rF+
                  | Str+3 Int+3}
 11398 | Lair:1   | Noticed Grum
 11403 | Lair:1   | Reached **** piety under Trog
 11407 | Lair:1   | Killed Grum
 11550 | Lair:1   | Reached skill level 7 in Armour
 11767 | Lair:2   | Identified the +8 battleaxe "Banius" {freeze, Dex+5}
 11804 | Lair:2   | Found a hole to the Spider Nest.
 12393 | Lair:2   | You fall into a shaft and drop 2 floors!
 12607 | Lair:2   | Found a runed translucent door.
 12616 | Lair:2   | Reached XP level 13. HP: 119/119 MP: 12/12
 12773 | Lair:2   | Noticed a reaper
 12782 | Lair:2   | Killed a reaper
 13062 | Lair:3   | Reached skill level 8 in Armour
 13085 | Lair:3   | Reached skill level 10 in Ranged Weapons
 13264 | Lair:3   | Noticed Amaemon
 13515 | Lair:3   | Found a staircase to the Shoals.
 13711 | Lair:3   | Killed Amaemon
 13771 | Lair:3   | Noticed Rupert
 13784 | Lair:3   | Killed Rupert
 13785 | Lair:3   | Reached skill level 10 in Shields
 14662 | Lair:4   | Reached ***** piety under Trog
 14663 | Lair:4   | Found a viscous altar of Jiyva.
 14663 | Lair:4   | Found a staircase to the Slime Pits.
 14671 | Lair:4   | Reached skill level 9 in Armour
 15265 | Lair:5   | Entered Level 5 of the Lair of Beasts
 15666 | Lair:5   | Reached XP level 14. HP: 130/130 MP: 13/13
 15704 | Lair:5   | Found a dark tunnel.
 15716 | Volcano  | Entered a volcano
 15775 | Volcano  | Received a gift from Trog
 16005 | Lair:5   | Reached skill level 10 in Armour
 16195 | Lair:5   | Identified the +1 trident "Poof" {heavy, rElec rCorr Int+4}
 16559 | Lair:5   | Reached skill level 11 in Armour
 17648 | D:11     | Gained mutation: You sometimes lose your temper in combat.
                  | [potion of mutation]
 17648 | D:11     | Gained mutation: You expend magic power (3 MP) to
                  | strengthen your wands. [potion of mutation]
 17649 | D:11     | Lost mutation: You expend magic power (3 MP) to strengthen
                  | your wands. [potion of mutation]
 17649 | D:11     | Lost mutation: You sometimes lose your temper in combat.
                  | [potion of mutation]
 17649 | D:11     | Gained mutation: You are partially covered in iridescent
                  | scales. (AC +2) [potion of mutation]
 17650 | D:11     | Lost mutation: You are partially covered in iridescent
                  | scales. (AC +2) [potion of mutation]
 17650 | D:11     | Gained mutation: You are partially covered in iridescent
                  | scales. (AC +2) [potion of mutation]
 17650 | D:11     | Gained mutation: You occasionally lose the ability to drink
                  | potions when taking damage. [potion of mutation]
 17650 | D:11     | Gained mutation: You sometimes lose the ability to drink
                  | potions when taking damage. [potion of mutation]
 17651 | D:11     | Lost mutation: You are partially covered in iridescent
                  | scales. (AC +2) [potion of mutation]
 17651 | D:11     | Lost mutation: You sometimes lose the ability to drink
                  | potions when taking damage. [potion of mutation]
 17651 | D:11     | Gained mutation: Your spells are a little harder to cast,
                  | but a little more powerful. [potion of mutation]
 17651 | D:11     | Gained mutation: Your magical capacity is low. (-10% MP)
                  | [potion of mutation]
 17652 | D:11     | Lost mutation: Your magical capacity is low. (-10% MP)
                  | [potion of mutation]
 17652 | D:11     | Lost mutation: Your spells are a little harder to cast, but
                  | a little more powerful. [potion of mutation]
 17652 | D:11     | Gained mutation: You are strong-willed. (Will+) [potion of
                  | mutation]
 17652 | D:11     | Gained mutation: Armour fits poorly on your strangely
                  | shaped body. [potion of mutation]
 17653 | D:11     | Lost mutation: You are strong-willed. (Will+) [potion of
                  | mutation]
 17653 | D:11     | Lost mutation: Armour fits poorly on your strangely shaped
                  | body. [potion of mutation]
 17653 | D:11     | Lost mutation: You occasionally lose the ability to drink
                  | potions when taking damage. [potion of mutation]
 17653 | D:11     | Gained mutation: You are strong-willed. (Will+) [potion of
                  | mutation]
 17653 | D:11     | Gained mutation: Your spells are a little harder to cast,
                  | but a little more powerful. [potion of mutation]
 17653 | D:11     | Gained mutation: You are dopey. (Int -2) [potion of
                  | mutation]
 17653 | D:11     | Gained mutation: You have large cloven feet. [potion of
                  | mutation]
 17654 | D:11     | Lost mutation: Your spells are a little harder to cast, but
                  | a little more powerful. [potion of mutation]
 17654 | D:11     | Lost mutation: You are dopey. (Int -2) [potion of mutation]
 17654 | D:11     | Lost mutation: You have large cloven feet. [potion of
                  | mutation]
 17654 | D:11     | Gained mutation: You have very sharp teeth. [potion of
                  | mutation]
 17654 | D:11     | Gained mutation: You are highly strong-willed. (Will++)
                  | [potion of mutation]
 17654 | D:11     | Gained mutation: You are somewhat resistant to further
                  | mutation. [potion of mutation]
 17654 | D:11     | Gained mutation: Your spells are a little harder to cast,
                  | but a little more powerful. [potion of mutation]
 17772 | D:11     | Noticed Fannar
 17782 | D:11     | Killed Fannar
 18200 | D:11     | Found a staircase to the Orcish Mines.
 18275 | D:11     | Noticed Harold
 18287 | D:11     | Killed Harold
 18565 | Orc:1    | Entered Level 1 of the Orcish Mines
 18786 | Orc:1    | Found Koumax's Book Emporium.
 18935 | Orc:2    | Entered Level 2 of the Orcish Mines
 18938 | Orc:2    | Noticed Maurice
 18939 | Orc:2    | Noticed Azrael
 18948 | Orc:1    | Reached XP level 15. HP: 118/139 MP: 14/14
 19073 | Orc:1    | Killed Azrael
 19085 | Orc:2    | Killed Maurice
 19136 | Orc:2    | Found a staircase to the Elven Halls.
 19332 | Orc:2    | Reached skill level 15 in Fighting
 19340 | Orc:2    | Reached skill level 12 in Armour
 19343 | Orc:2    | Reached skill level 5 in Evocations
 19900 | Orc:2    | Reached skill level 5 in Dodging
 20039 | Orc:2    | Received a gift from Trog
 21096 | Orc:2    | Found Alikhliuli's Assorted Antiques.
 21097 | Orc:2    | Found Tisaess's Antique Armour Shop.
 21097 | Orc:2    | Found Palun's Jewellery Emporium.
 21097 | Orc:2    | Found Diteuts's Magic Scroll Shop.
 21114 | Orc:2    | Bought a scroll of identify for 28 gold pieces
 21114 | Orc:2    | Bought a scroll of identify for 28 gold pieces
 21114 | Orc:2    | Bought a scroll of enchant weapon for 105 gold pieces
 21114 | Orc:2    | Bought a scroll of identify for 28 gold pieces
 21121 | Orc:2    | Bought a scroll of blinking for 187 gold pieces
 21121 | Orc:2    | Bought a wand of paralysis (7) for 420 gold pieces
 21121 | Orc:2    | Bought a scroll of identify for 50 gold pieces
 21121 | Orc:2    | Bought a scroll of identify for 50 gold pieces
 21121 | Orc:2    | Bought a bubbling yellow potion for 22 gold pieces
 22232 | D:13     | Reached skill level 13 in Armour
 22531 | D:13     | You are sucked into a shaft and drop 1 floor!
 22541 | D:14     | Found a bloodstained altar of Trog.
 22742 | D:13     | Reached skill level 15 in Ranged Weapons
 22771 | D:13     | Found a gate to the Vaults.
 22866 | D:13     | Found Kiokee's Blood Bar.
 22929 | D:13     | Noticed wormed's ghost (journeyman FeSu)
 22967 | D:13     | Found a transporter.
 22978 | D:13     | Found a transporter.
 23808 | D:15     | Entered Level 15 of the Dungeon
 23844 | D:15     | Reached XP level 16. HP: 150/150 MP: 15/15
 23871 | D:15     | Identified Roxanne's Quarto of the Lithosphere
 23871 | D:15     | Noticed Roxanne
 23897 | D:15     | Killed Roxanne
 24321 | D:15     | Reached skill level 14 in Armour
 24636 | D:15     | Found a staircase to the Depths.
 24925 | Elf:1    | Entered Level 1 of the Elven Halls
 24948 | Elf:1    | Reached ****** piety under Trog
 25116 | Spider:1 | Entered Level 1 of the Spider Nest
 25163 | Lair:2   | Lost mutation: You are somewhat resistant to further
                  | mutation. [potion of mutation]
 25163 | Lair:2   | Lost mutation: You have very sharp teeth. [potion of
                  | mutation]
 25163 | Lair:2   | Lost mutation: You are highly strong-willed. (Will++)
                  | [potion of mutation]
 25164 | Lair:2   | Lost mutation: You are strong-willed. (Will+) [potion of
                  | mutation]
 25164 | Lair:2   | Lost mutation: Your spells are a little harder to cast, but
                  | a little more powerful. [potion of mutation]
 25164 | Lair:2   | Gained mutation: You are weak. (Str -2) [potion of
                  | mutation]
 25165 | Lair:2   | Lost mutation: You are weak. (Str -2) [potion of mutation]
 25165 | Lair:2   | Gained mutation: Potions are less effective at restoring
                  | your health. [potion of mutation]
 25165 | Lair:2   | Gained mutation: Your system is resistant to poisons.
                  | (rPois) [potion of mutation]
 25165 | Lair:2   | Gained mutation: You have large cloven feet. [potion of
                  | mutation]
 25551 | Spider:1 | Noticed Mlioglotl
 25568 | Spider:1 | Killed Mlioglotl
 26256 | Spider:1 | Received a gift from Trog
 26272 | Spider:1 | Reached skill level 15 in Armour
 26539 | Lair:2   | Lost mutation: Potions are less effective at restoring your
                  | health. [potion of mutation]
 26539 | Lair:2   | Lost mutation: You have large cloven feet. [potion of
                  | mutation]
 26539 | Lair:2   | Lost mutation: Your system is resistant to poisons. (rPois)
                  | [potion of mutation]
 26539 | Lair:2   | Gained mutation: Your system is resistant to poisons.
                  | (rPois) [potion of mutation]
 26539 | Lair:2   | Gained mutation: You are dopey. (Int -2) [potion of
                  | mutation]
 26539 | Lair:2   | Gained mutation: Your flesh is cold resistant. (rC+)
                  | [potion of mutation]
 26697 | Spider:1 | Found a runed translucent door.
 26785 | Spider:1 | Identified the +2 scale mail "Iggy" {Regen+ Str+7}
 26990 | Spider:1 | Identified the +10 chain mail of Refuge {rF+++ rC+ Int-4}
 27178 | Spider:1 | Reached XP level 17. HP: 159/159 MP: 16/16
 27373 | Spider:2 | Found a frozen archway.
 27385 | Spider:2 | Received a gift from Trog
 27418 | IceCv    | Entered an ice cave
 28109 | IceCv    | Reached skill level 16 in Armour
 29755 | Orc:2    | Bought the amulet of the Four Winds {rN+ Will+++ Clar} for
                  | 789 gold pieces
 29755 | Orc:2    | Found the amulet of the Four Winds {rN+ Will+++ Clar}
 31442 | Spider:3 | Received a gift from Trog
 31565 | Spider:3 | Reached skill level 1 in Throwing
 32273 | Spider:4 | Entered Level 4 of the Spider Nest
 32824 | Spider:4 | Reached skill level 17 in Armour
 35004 | Spider:4 | Received a gift from Trog
 35018 | Spider:4 | Reached XP level 18. HP: 141/170 MP: 0/17
 35659 | Spider:4 | Got a gossamer rune of Zot
 35972 | Shoals:1 | Entered Level 1 of the Shoals
 36194 | Shoals:1 | Noticed Jorgrun
 36211 | Shoals:1 | Killed Jorgrun
 36359 | Shoals:1 | Noticed Louise
 36369 | Shoals:1 | Reached skill level 5 in Throwing
 36375 | Abyss:2  | Found a corrupted altar of Lugonu.
 36375 | Abyss:2  | Found a broken altar of Ashenzari.
 36375 | Abyss:2  | Cast into level 2 of the Abyss (Louise)
 36455 | Abyss:2  | Noticed a lich
 36464 | Abyss:2  | Killed a lich
 36546 | Abyss:2  | HP: 6/255 [starcursed mass/accursed screaming (9)]
 36548 | Abyss:2  | Reached skill level 10 in Dodging
 36765 | Abyss:2  | Received a gift from Trog
 36871 | Shoals:1 | Escaped the Abyss
 36903 | Shoals:1 | Killed Louise
 36926 | Shoals:1 | Noticed Kirke
 37133 | Shoals:1 | Killed Kirke
 37532 | Shoals:1 | Noticed Frances
 37543 | Shoals:1 | Killed Frances
 38037 | Shoals:2 | Found Tiucs's Firing Range.
 38053 | Shoals:2 | Bought 2 silver javelins for 96 gold pieces
 38053 | Shoals:2 | Bought 6 boomerangs for 60 gold pieces
 38053 | Shoals:2 | Bought 3 javelins for 48 gold pieces
 38074 | Shoals:2 | Upgraded the game from 0.30-a0-613-gdd512c7efb to
                  | 0.30-a0-618-gd6c86c23d0
 38076 | Shoals:2 | Noticed Aizul
 38084 | Shoals:2 | Killed Aizul
 38160 | Shoals:2 | Reached skill level 5 in Stealth
 38284 | Shoals:2 | Noticed Ilsuiw
 38437 | Shoals:2 | Reached skill level 18 in Armour
 39920 | Shoals:3 | Noticed Bai Suzhen
 39932 | Shoals:3 | Killed Bai Suzhen
 40091 | Shoals:3 | Noticed Polyphemus
 40096 | Shoals:3 | Killed Polyphemus
 40571 | Shoals:3 | Noticed Nikola
 40602 | Shoals:3 | Killed Nikola
 40835 | Shoals:4 | Entered Level 4 of the Shoals
 40951 | Shoals:4 | Reached XP level 19. HP: 177/179 MP: 18/18
 41168 | Shoals:4 | Received a gift from Trog
 42879 | Shoals:4 | Identified the ring of Jaoproro {Wiz Int+3 Dex+4}
 43971 | Shoals:4 | Reached skill level 19 in Armour
 45888 | Shoals:4 | Got a barnacled rune of Zot
 46951 | Shoals:2 | Killed Ilsuiw
 47722 | Elf:1    | Found Nuasekhipp's General Store.
 47783 | Elf:1    | Bought a wand of paralysis (5) for 180 gold pieces
 47842 | Elf:1    | Paralysed by an air elemental for 1 turns
 48404 | Elf:1    | Received a gift from Trog
 49101 | Elf:2    | Paralysed by an air elemental for 1 turns
 49106 | Elf:2    | Paralysed by an air elemental for 1 turns
 49350 | Elf:2    | Found a huge runed translucent gate.
 49350 | Elf:2    | Found a huge runed translucent gate.
 49350 | Elf:2    | Found a huge runed translucent gate.
 49352 | Elf:2    | Found a huge runed translucent gate.
 49353 | Elf:2    | Found a huge runed translucent gate.
 49584 | Elf:3    | Entered Level 3 of the Elven Halls
 49649 | Elf:3    | Noticed Zenata
 49660 | Elf:3    | Killed Zenata
 49733 | Elf:3    | Reached skill level 20 in Armour
 51144 | Orc:2    | Bought a ring of positive energy for 260 gold pieces
 52843 | Elf:3    | Reached skill level 10 in Evocations
 53642 | Elf:3    | Identified the +3 leather armour of Defiance {rF+ rC+ rCorr
                  | Int+3}
 54007 | Elf:3    | Reached XP level 20. HP: 189/189 MP: 19/19
 55019 | Elf:3    | Identified the +6 scale mail of the Past {rElec rCorr}
 58708 | Elf:3    | Identified the +4 falchion "Annaap" {heavy, Str+2 Int+3}
 59982 | Elf:3    | Identified the ring of Hokluit {rPois rCorr Str+2 Int-5
                  | Dex+4}
 60373 | Elf:3    | Found the -2 hat of the Alchemist {rElec rPois rF+ rC+ rN+
                  | Will+ rMut rCorr}
 60506 | Elf:3    | Identified the +4 short sword "Vareisa" {freeze, Int+4
                  | Dex+3}
 60756 | Vaults:1 | Entered Level 1 of the Vaults
 60938 | Vaults:1 | Identified the +1 plate armour of the Countless Dreams {rF+
                  | Str+4}
 61837 | Vaults:1 | Found Ynwe's Distillery.
 61842 | Vaults:1 | Bought a potion of heal wounds for 75 gold pieces
 61842 | Vaults:1 | Bought a potion of flight for 45 gold pieces
 61842 | Vaults:1 | Bought a potion of cancellation for 120 gold pieces
 61842 | Vaults:1 | Bought a potion of flight for 45 gold pieces
 61842 | Vaults:1 | Bought a potion of might for 60 gold pieces
 61842 | Vaults:1 | Bought a potion of curing for 45 gold pieces
 62582 | Vaults:1 | Found the +11 Singing Sword {sonic wave}
 62753 | Vaults:2 | Upgraded the game from 0.30-a0-618-gd6c86c23d0 to
                  | 0.30-a0-622-gddc90eaa04
 63709 | Vaults:2 | Reached skill level 21 in Armour
 63991 | Vaults:2 | Found a runed translucent gate.
 63991 | Vaults:2 | Found a runed translucent gate.
 63991 | Vaults:2 | Found a runed translucent gate.
 63992 | Vaults:2 | Noticed Duyfal's ghost (adept SpCj)
 64068 | Vaults:2 | Received a gift from Trog
 64133 | Vaults:2 | Reached XP level 21. HP: 188/200 MP: 20/20
 64351 | Abyss:3  | Cast into level 3 of the Abyss (eldritch tentacle)
 64411 | Abyss:3  | Found a corrupted altar of Lugonu.
 64431 | Abyss:3  | Got an abyssal rune of Zot
 64718 | Abyss:4  | Reached skill level 10 in Throwing
 64720 | Vaults:2 | Escaped the Abyss
 64740 | Vaults:2 | Killed Duyfal's ghost
 64747 | Vaults:2 | Slain by an eldritch tentacle

Illustrated notes

Levels and vault maps discovered:
D:1:      dpeg_arrival_three_same_balls, layout_basic
D:2:      cheibrodos_pilgrimage, layout_basic,
          ebering_ecumenical_altar_sacrificial, st_stairs_10
D:3:      layout_rooms, nicolae_gozag_cash_rules_everything_around_me
D:4:      layout_basic, nicolae_uskayaw_murder_on_the_dancefloor,
          ashenzari_altar_1, mainiacjoe_overflow_brackets
D:5:      layout_basic, amethyst_overflow_temple_binary, uniq_sigmund
D:6:      layout_loops_corners
D:7:      layout_loops_ring, nicolae_qazlal_scattered_showers,
          makhleb_heckhound_becter, mainiacjoe_overflow_small_starburst,
          temple_fountains, nrook_mini_vaults, uniq_maggie
D:8:      layout_gridville, kennysheep_little_box
D:9:      kb_forest_paths, layout_irregular_city, mainiacjoe_overflow_alcove_1,
          enter_bailey_5
D:10:     layout_loops_ring, mainiacjoe_overflow_tiny_flanked,
          mainiacjoe_overflow_six_doors_small, uniq_josephine, uniq_gastronok
D:11:     layout_small_grid, david_orc_5, moated_statue, uniq_fannar,
          uniq_harold
D:12:     layout_rooms, minmay_increasing_density
D:13:     layout_basic, david_vaults_1, nzn_ghost_randoct, guppyfry_shop_blood
D:14:     layout_cave_pools, minmay_curled_crystal, small_statue_intersection,
          trog_ov_bears_minmay
D:15:     hangedman_depths_entry_civil_slaughter, layout_loops_cross,
          uniq_roxanne
Lair:1:   layout_roguey, grunt_megastairs_2, lemuel_fruit_tree, uniq_grum,
          uniq_urug, uniq_sonja
Lair:2:   layout_roguey, spider_nest_entry_web_field,
          nicolae_quartered_pool_little, pdpol_lair_cabin_in_the_woods
Lair:3:   layout_hall_layers, minmay_shoals_entry_beasts, serial_bayou_shore_b,
          infiniplex_staircase_pool_2, uniq_rupert, uniq_amaemon
Lair:4:   layout_regular_city, nicolae_slime_entry_slimehenge
Lair:5:   gammafunk_lair_ancient_temple, layout_long_grid, enter_volcano_3,
          serial_bayou_pond_d, st_stairs_13
Shoals:1: layout_shoals, uniq_jorgrun, uniq_louise, uniq_kirke, uniq_frances
Shoals:2: layout_shoals, nicolae_shop_firing_range, uniq_ilsuiw, uniq_aizul
Shoals:3: cheibrodos_shoals_gigantism, layout_shoals, uniq_polyphemus,
          uniq_nikola, uniq_bai_suzhen
Shoals:4: shoals_end_hellmonk_lost_city
Spider:1: cheibrodos_spider_deadly_dance, nicolae_spider_shape, uniq_mlioglotl
Spider:2: layout_chambers, portal_ice_cave_entry_frozen_things
Spider:3: layout_spider_delve, drop_trap
Spider:4: spider_rune_water
Orc:1:    layout_caves, serial_shops, shop, mines2_david
Orc:2:    st_orc_ogre_mass, layout_diamond_mine, basic_altar, uniq_azrael,
          uniq_maurice
Elf:1:    minmay_elf_arrival_plus, layout_onion_city, serial_shops,
          nicolae_shop_window_shopping, minmay_elf_necromancy
Elf:2:    elven_hall_of_blades_hangedman_alternative
          [nicolae_blade_entry_floor_patterns], layout_loops_cross
Elf:3:    minmay_elf_hall, layout_geoelf_castle, uniq_zenata
Vaults:1: ontoclasm_vaults_ring_small, vaults_dpeg_cross,
          nicolae_vaults_alarming, grunt_vaults_twisty, nicolae_vaults_asterisk,
          nicolae_vaults_three_branches, v_misc_11, v_rooms_5,
          nicolae_vaults_network_quinsquares
          [nicolae_vaults_network_quincunx_subvault,
          nicolae_vaults_network_quincunx_subvault,
          nicolae_vaults_network_quincunx_subvault,
          nicolae_vaults_network_quincunx_subvault], ontoclasm_vaults_pinch,
          layout_vaults_ring, serial_shops, nicolae_shop_hallway_plus
Vaults:2: gammafunk_ghost_spectres, vaults_room_fours, v_misc_5,
          hangedman_vaults_hat, serial_ice_g, v_alt_pattern_3,
          nicolae_vaults_network_square, ontoclasm_vaults_chip,
          nicolae_vaults_circle_grid_a, vaults_room_fancy_cross,
          ontoclasm_vaults_eye, layout_vaults_omnigrid

Skill      XL: |  1  2  3  4  5  6  7  8  9 10 11 12 13 14 15 16 17 18 19 20 21 |
---------------+----------------------------------------------------------------+-----
Fighting       | 4 5 6 7 9 10 11 12 13 14 15 16 17 18 19 20 | 20.1
Axes           | 4 5 6 8 10 12 14 15 16 17 18 19 20 | 20.1
Stealth        | 1 2 3 5 7 9 |  9.7
Ranged Weapons | 1 4 7 9 11 13 15 16 17 | 17.3
Shields        | 4 6 7 9 10 | 10.0
Evocations     | 2 3 4 6 7 8 10 | 10.4
Armour         | 3 5 7 9 11 13 15 17 18 20 21 | 21.2
Dodging        | 4 6 8 9 10 | 10.4
Throwing       | 3 5 9 10 | 10.1

Action                   |  1- 3 |  4- 6 |  7- 9 | 10-12 | 13-15 | 16-18 | 19-21 || total
-------------------------+-------+-------+-------+-------+-------+-------+-------++-------
Melee: Hand axe          |    69 |    55 |       |       |       |       |       ||   124
       Headbutt          |     9 |    13 |    15 |    61 |   171 |   251 |   138 ||   658
       Punch             |       |     1 |       |       |    12 |     8 |    10 ||    31
       War axe           |       |    65 |   159 |    38 |   148 |   180 |   552 ||  1142
       Broad axe         |       |       |       |   298 |   568 |   853 |       ||  1719
       Great mace        |       |       |       |       |    14 |       |       ||    14
       Bite              |       |       |       |       |    36 |    29 |       ||    65
       Kick              |       |       |       |       |       |    53 |       ||    53
 Fire: Sling             |       |    35 |    17 |   125 |       |       |       ||   177
       Arbalest          |       |       |       |       |   272 |   500 |   459 ||  1231
Throw: Dart              |       |       |    22 |       |       |     5 |     2 ||    29
       Boomerang         |       |       |     2 |     3 |    19 |    46 |     9 ||    79
       Javelin           |       |       |       |       |       |       |    10 ||    10
Invok: Berserk           |     1 |     4 |     9 |     8 |     8 |    24 |    14 ||    68
       Trog's Hand       |       |     3 |    11 |    10 |    24 |    31 |    36 ||   115
       Brothers in Arms  |       |       |       |       |     2 |       |       ||     2
Evoke: Wand              |       |       |       |       |     8 |    24 |    19 ||    51
       Phial of floods   |       |       |       |       |     3 |     3 |     1 ||     7
       Tin of tremorston |       |       |       |       |       |       |     4 ||     4
  Use: Scroll            |       |     7 |     7 |     8 |    22 |    14 |    13 ||    71
       Potion            |       |       |       |     1 |     8 |    11 |    15 ||    35
 Stab: Paralysed         |       |       |       |       |     1 |     2 |     1 ||     4
       Petrifying        |       |       |       |       |     1 |       |       ||     1
       Petrified         |       |       |       |       |     1 |       |       ||     1
       Invisible         |       |       |       |       |       |    13 |       ||    13
Armor: Chain mail        |    42 |    70 |    83 |    12 |       |       |       ||   207
       Plate armour      |       |       |       |    61 |       |       |       ||    61
       Crystal plate arm |       |       |       |    31 |   656 |   813 |   570 ||  2070
Dodge: Dodged            |    17 |    76 |   107 |   100 |   572 |   722 |   534 ||  2128
Block: Kite shield       |       |     5 |    58 |   165 |     5 |       |       ||   233
       Other             |       |       |       |       |     6 |   198 |    33 ||   237
       Reflection        |       |       |       |       |       |     6 |     5 ||    11

Table legend: (Time is in decaauts)
 A = Elapsed time spent in this place.
 B = Non-inter-level travel time spent in this place.
 C = Inter-level travel time spent in this place.
 D = Time resting spent in this place.
 E = Time spent auto-exploring this place.
 F = Levels seen in this place.
 G = Mean time per level.
                   A        B        C        D        E       F      G
               +--------+--------+--------+--------+--------+-----+--------+
         Total |  65270 |  62750 |   2520 |  29775 |  22336 |  41 | 1592.0 |
       Dungeon |  14245 |  13295 |    950 |   1911 |   8636 |  15 |  949.7 |
          Lair |   7994 |   7469 |    525 |   2328 |   3822 |   5 | 1598.8 |
        Shoals |  10768 |  10588 |    180 |   6520 |   2616 |   4 | 2692.0 |
   Spider Nest |   8819 |   8669 |    150 |   5069 |   2228 |   4 | 2204.8 |
  Orcish Mines |   2969 |   2665 |    304 |   1615 |    677 |   2 | 1484.5 |
   Elven Halls |  13541 |  13188 |    353 |   9636 |   2027 |   3 | 4513.7 |
        Vaults |   3664 |   3609 |     55 |    859 |   1944 |   2 | 1832.0 |
         Abyss |    947 |    947 |      0 |    491 |     85 |   3 |  315.7 |
        Bailey |   1101 |   1101 |      0 |    759 |     64 |   1 | 1101.0 |
      Ice Cave |   1045 |   1045 |      0 |    547 |    234 |   1 | 1045.0 |
       Volcano |    172 |    172 |      0 |     36 |      0 |   1 |  172.0 |
               +--------+--------+--------+--------+--------+-----+--------+

Top non-repeatable levels by time:
   Elf:3: 10986 daAuts
Shoals:4: 5258 daAuts
Spider:4: 3433 daAuts
Shoals:2: 2352 daAuts
   Orc:2: 2343 daAuts
Vaults:1: 2041 daAuts
Spider:3: 2004 daAuts
Shoals:1: 1988 daAuts
  Lair:3: 1743 daAuts
Spider:1: 1702 daAuts
  Lair:5: 1684 daAuts
Spider:2: 1678 daAuts
  Lair:1: 1660 daAuts
  Lair:2: 1644 daAuts
Vaults:2: 1622 daAuts
